 Dungeon Crawl Stone Soup version 0.21.1-1-g345015fe64 (webtiles) character file.

73771 korald the Crack Shot (level 15, -20/141 HPs)
             Began as a Centaur Hunter on July 21, 2018.
             Was the Champion of Okawaru.
             Killed from afar by Aizul (31 damage)
             ... with a poison arrow
             ... on level 2 of the Shoals.
             The game lasted 01:45:43 (24041 turns).

korald the Crack Shot (Centaur Hunter)             Turns: 24041, Time: 01:45:44

Health: -20/141    AC: 19    Str: 20    XL:     15   Next: 4%
Magic:  17/17      EV: 12    Int: 10    God:    Okawaru [******]
Gold:   1210       SH:  0    Dex: 16    Spells: 14/14 levels left

rFire    + . .     SeeInvis .   C - +3 longbow (flame)
rCold    . . .     Gourm    .   (shield currently unavailable)
rNeg     . . .     Faith    .   M - +0 leather armour {rF+}
rPois    .         Spirit   .   p - +1 hat
rElec    .         Reflect  .   (no cloak)
rCorr    .         Harm     .   r - +2 pair of gloves
MR       +....                  Q - +2 centaur barding {Fly}
Stlth    +.........             (no amulet)
HPRegen  0.33/turn              l - +5 ring of strength
MPRegen  0.15/turn              T - +4 ring of protection

@: lethally poisoned (-20 -> -31), very quick
A: large, hooves 3, deformed body, speed 2, tough skin 3
a: Heroism, Finesse, Renounce Religion, Evoke Flight


You were on level 2 of the Shoals.
You worshipped Okawaru.
Okawaru was exalted by your worship.
You were hungry.

You visited 3 branches of the dungeon, and saw 18 of its levels.

You collected 1210 gold pieces.

Inventory:

Hand Weapons
 C - a +3 longbow of flaming (weapon)
 G - the +3 shortbow "Goblinbane" {freeze, Dex+2}
   (Okawaru gifted it to you on level 2 of the Lair of Beasts)

   It causes projectiles fired from it to freeze those they strike, causing
   extra injury to most foes and up to half again as much damage against
   particularly susceptible opponents.
   They can also slow down cold-blooded creatures.
   It affects your dexterity (+2).
Missiles
 d - 152 arrows (quivered)
 q - 103 bolts
Armour
 c - a +1 leather armour
 p - a +1 hat (worn)
 r - a +2 pair of gloves (worn)
 M - a +0 leather armour of fire resistance (worn)
 Q - a +2 centaur barding of flying (worn)
Jewellery
 l - a +5 ring of strength (left hand)
 A - an uncursed ring of flight
 E - an uncursed ring of stealth
 K - an uncursed ring of protection from magic
 L - an uncursed ring of positive energy
 N - an uncursed ring of protection from magic
 T - a +4 ring of protection (right hand)
 W - an uncursed ring of magical power {unknown}
Wands
 a - a wand of acid (13)
 b - a wand of enslavement (13)
 y - a wand of flame (58)
 D - a wand of iceblast (28)
 F - a wand of disintegration (23)
 H - a wand of polymorph (14)
 R - a wand of clouds (5)
 U - a wand of random effects (30)
Scrolls
 e - a scroll of blinking {unknown}
 g - 3 scrolls of enchant armour
 j - 6 scrolls of teleportation
 o - 3 scrolls of magic mapping
 s - 8 scrolls of remove curse
 u - a scroll of acquirement
 O - a scroll of fog {unknown}
 P - a scroll of amnesia
 S - a scroll of enchant weapon
Potions
 i - 5 potions of might
 k - 2 potions of flight
 m - a potion of cancellation
 n - 4 potions of curing
 t - 3 potions of lignification
 v - 6 potions of brilliance
 w - 4 potions of agility
 z - a potion of invisibility {unknown}
 I - 2 potions of haste
Books
 B - a book of Callings

   Spells                             Type                      Level
   a - Summon Small Mammal            Summoning                    1
   b - Call Imp                       Summoning                    2
   c - Call Canine Familiar           Summoning                    3
   d - Summon Guardian Golem          Hexes/Summoning              3
   e - Summon Lightning Spire         Summoning/Air                4
   f - Summon Ice Beast               Ice/Summoning                4
 J - a book of Changes

   Spells                             Type                      Level
   a - Beastly Appendage              Transmutation                1
   b - Sticks to Snakes               Transmutation                2
   c - Spider Form                    Transmutation/Poison         3
   d - Ice Form                       Ice/Transmutation            4
   e - Blade Hands                    Transmutation                5
Comestibles
 f - 32 rations


   Skills:
 * Level 15.4 Fighting
   Level 2.0 Short Blades
 + Level 22.6 Bows
 + Level 2.7 Armour
 * Level 6.9 Dodging
 - Level 0.4 Stealth
 * Level 3.7 Invocations


You had 14 spell levels left.
You didn't know any spells.

Dungeon Overview and Level Annotations

Branches:
Dungeon (9/15)             Temple (0/1) D:4            Lair (6/6) D:9
 Shoals (3/4) Lair:3       Spider (0/4) Lair:3        Slime (0/5) Lair:6
    Orc: D:9-12

Altars:
Fedhas
Hepliaklqana
Kikubaaqudgha
Okawaru
Qazlal
Ru
Sif Muna
Trog
Uskayaw
Vehumet
Xom
Zin
The Shining One

Shops:
Shoals:2 *   Shoals:3 *

Annotations:
D:3 2 transporters
Shoals:2 Aizul


Innate Abilities, Weirdness & Mutations

You have hooves in place of feet.
Armour fits poorly on your strangely shaped body.
You cover ground very quickly.
You have extremely tough skin. (AC +3)


Message History

Aizul screams, "I'll haunt your nightmares!"
Aizul coils herself and waves her upper body at you.
The bolt of poison hits you!
You are poisoned.
* * * LOW HITPOINT WARNING * * *
You feel better. Why would you want to do that?
Aizul coils herself and waves her upper body at you.
You fall asleep.
Aizul hits you!!
You wake up.
* * * LOW HITPOINT WARNING * * *
There is a stone staircase leading up here.
Aizul barely misses you.
You climb upwards.
There is a stone staircase leading down here.
You feel better.
Aizul coils herself and waves her upper body at you.
The poison arrow hits you!
You are lethally poisoned!
You die...

#≈≈≈≈≈≈≈≈≈.....# ##.....
#≈≈≈≈≈≈≈≈≈.....## ##.....P
#≈≈≈≈≈≈≈≈≈......####...≈≈..
#≈≈≈≈≈≈≈≈≈...........≈≈≈≈≈≈
#≈≈≈≈≈≈≈≈≈≈..........≈≈≈≈≈≈
#≈≈≈≈≈≈≈≈≈≈......≈≈...≈≈≈≈≈
#≈≈≈≈≈≈≈≈≈≈...≈≈≈≈≈..≈≈≈≈≈≈
#≈≈≈≈≈≈≈....<.≈≈≈≈.≈≈≈≈≈≈≈.
#≈≈≈≈≈≈≈..@S...≈...≈≈≈≈≈..#
#≈≈≈≈≈≈≈≈............≈≈≈..#
#≈≈≈≈≈≈≈≈...≈.......≈≈≈≈...
#≈≈≈≈≈≈≈...........≈≈≈≈≈≈≈≈
#≈≈≈≈≈≈.......###...≈≈≈≈≈≈≈
#≈≈≈≈≈≈≈......# #..≈≈≈≈≈≈≈≈
#≈≈≈≈≈≈≈≈≈....###.≈≈≈≈≈≈≈≈≈
#≈≈≈≈≈≈≈≈...≈.##.≈≈≈≈≈≈≈≈≈≈
#≈≈≈≈≈≈≈≈≈≈......≈≈≈≈≈≈≈≈≈≈


You could see Aizul.

Vanquished Creatures
  Frances (Shoals:2)
  Kirke (Shoals:1)
  Louise (Shoals:1)
  A stone giant (D:8)
  A merfolk impaler (Shoals:2)
  Erolcha (D:9)
  9 hydras
  3 merfolk avatars
  A merfolk aquamancer (Shoals:2)
  2 two-headed ogres
  2 satyrs
  The ghost of Revguard the Skirmisher, a novice GnWn of Okawaru (D:7)
  6 sea snakes
  12 harpies (Shoals:1)
  A lindwurm (Lair:6)
  4 oklob plants
  An orb spider (Lair:3)
  2 wolf spiders (Lair:6)
  6 fauns (Shoals:3)
  3 elephants (Lair:5)
  3 manticores
  5 merfolk sirens
  A guardian serpent (Lair:6)
  3 cyclopes
  A torpor snail (Lair:6)
  4 water nymphs (Shoals:2)
  7 black mambas
  Psyche (D:9)
  8 spiny frogs
  2 komodo dragons
  3 rime drakes
  9 merfolk
  2 trolls
  2 hornets (Lair:6)
  2 wind drakes
  Prince Ribbit (D:9)
  A polar bear (Lair:2)
  8 hippogriffs
  3 snapping turtles (Shoals:1)
  11 blink frogs
  3 dream sheep (Shoals:1)
  Sigmund (D:6)
  3 redbacks (Lair:6)
  10 wyverns
  5 water elementals
  3 hungry ghosts
  2 hogs (Shoals:1)
  52 yaks
  Grum (D:8)
  4 basilisks
  A steam dragon (D:9)
  Menkaure (D:6)
  Edmund (D:6)
  28 water moccasins
  7 porcupines
  3 black bears
  A sky beast (D:8)
  3 orc warriors
  2 ice beasts
  An ogre (D:7)
  15 wolves
  5 centaurs
  The ghost of Bergy the Shield-Bearer, an amateur GrFi (D:4)
  14 crocodiles
  13 bullfrogs
  A gnoll sergeant (D:7)
  A water moccasin zombie (D:8)
  A wyvern zombie (D:7)
  2 scorpions
  5 wights (D:7)
  3 howler monkeys (D:7)
  A bullfrog zombie (D:5)
  2 crimson imps (D:5)
  3 hounds
  2 orc priests
  9 orc wizards
  A centaur skeleton (D:6)
  A gnoll shaman (D:6)
  Ijyb (D:4)
  3 iguanas
  9 worker ants
  5 hell rats (Lair:6)
  A hound skeleton (D:8)
  A howler monkey zombie (D:8)
  2 worker ant zombies
  10 gnolls
  5 adders
  A shadow imp (D:9)
  An adder skeleton (D:7)
  4 worms
  3 dart slugs (D:2)
  8 leopard geckos
  25 orcs
  7 bats
  6 giant cockroaches
  10 goblins
  5 hobgoblins
  6 jackals
  9 kobolds
  5 quokkas
  A ball python (D:3)
  6 frilled lizards
  A jackal skeleton (D:5)
  3 rats (D:3)
  A bush (Lair:3)
  6 fungi
  2 plants
495 creatures vanquished.

Vanquished Creatures (others)
  A human (Shoals:1)
  15 fungi
  24 plants
40 creatures vanquished.

Grand Total: 535 creatures vanquished

Notes
Turn   | Place    | Note
-------+----------+-------------------------------------------
     0 | D:1      | korald the Centaur Hunter began the quest for the Orb.
     0 | D:1      | Reached XP level 1. HP: 17/17 MP: 1/1
   119 | D:1      | Reached XP level 2. HP: 24/24 MP: 2/2
   304 | D:1      | Reached skill level 6 in Bows
   881 | D:2      | Found a sacrificial altar of Ru.
   934 | D:2      | Reached XP level 3. HP: 29/29 MP: 3/3
  1445 | D:2      | Found a hide-covered altar of Uskayaw.
  1447 | D:2      | Found a shimmering altar of Xom.
  1447 | D:2      | Found a deep blue altar of Sif Muna.
  1449 | D:2      | Found a shimmering altar of Xom.
  1449 | D:2      | Found a glowing golden altar of the Shining One.
  1449 | D:2      | Found a blossoming altar of Fedhas.
  1517 | D:2      | Found an ancient bone altar of Kikubaaqudgha.
  1700 | D:3      | Reached XP level 4. HP: 35/36 MP: 4/4
  1814 | D:3      | Found a radiant altar of Vehumet.
  1859 | D:3      | Found an iron altar of Okawaru.
  1867 | D:3      | Became a worshipper of Warmaster Okawaru
  1890 | D:3      | Reached skill level 1 in Short Blades
  1890 | D:3      | Reached skill level 1 in Armour
  2109 | D:3      | Found a transporter.
  2125 | D:3      | Found a transporter.
  2345 | D:4      | Noticed Bergy's ghost (amateur GrFi)
  2403 | D:4      | Reached XP level 5. HP: 30/42 MP: 5/5
  2795 | D:4      | Reached skill level 7 in Bows
  2832 | D:4      | Noticed a centaur
  2840 | D:4      | Killed a centaur
  2904 | D:4      | Found a staircase to the Ecumenical Temple.
  2972 | D:4      | Reached * piety under Okawaru
  2972 | D:4      | Reached XP level 6. HP: 32/50 MP: 6/6
  3559 | D:4      | Killed Bergy's ghost
  3892 | D:4      | Noticed Ijyb
  3925 | D:4      | Killed Ijyb
  3978 | D:4      | Reached skill level 8 in Bows
  4250 | D:5      | Entered Level 5 of the Dungeon
  4602 | D:5      | Reached XP level 7. HP: 40/57 MP: 7/7
  4713 | D:5      | Found a glowing silver altar of Zin.
  5057 | D:5      | Reached skill level 9 in Bows
  5100 | D:5      | Found a blossoming altar of Fedhas.
  5412 | D:5      | Found a glowing golden altar of the Shining One.
  5551 | D:6      | Noticed Menkaure
  5559 | D:6      | Killed Menkaure
  5753 | D:5      | Reached ** piety under Okawaru
  5993 | D:6      | Noticed Sigmund
  6062 | D:5      | Reached skill level 10 in Bows
  6414 | D:5      | Reached XP level 8. HP: 43/66 MP: 8/8
  6965 | D:6      | Reached skill level 11 in Bows
  6966 | D:6      | Noticed Edmund
  7050 | D:6      | Killed Edmund
  7477 | D:6      | Reached skill level 12 in Bows
  7566 | D:6      | Killed Sigmund
  7566 | D:6      | Reached *** piety under Okawaru
  7647 | D:6      | Identified 2 scrolls of acquirement
  7755 | D:7      | Noticed Revguard's ghost (novice GnWn)
  7773 | D:7      | Noticed a troll
  7794 | D:7      | Killed a troll
  7794 | D:7      | Reached skill level 13 in Bows
  7794 | D:7      | Reached XP level 9. HP: 41/73 MP: 9/9
  7995 | D:7      | Found a bloodstained altar of Trog.
  7997 | D:7      | Received a gift from Okawaru
  7997 | D:7      | Reached skill level 5 in Fighting
  8077 | D:7      | Found a hazy altar of Hepliaklqana.
  8081 | D:7      | Reached skill level 14 in Bows
  8166 | D:7      | Reached **** piety under Okawaru
  8361 | D:7      | Reached skill level 15 in Bows
  8583 | D:7      | Killed Revguard's ghost
  8758 | D:7      | Found a hide-covered altar of Uskayaw.
  8942 | D:8      | Noticed a two-headed ogre
  8947 | D:8      | Killed a two-headed ogre
  8947 | D:8      | Reached ***** piety under Okawaru
  8947 | D:8      | Received a gift from Okawaru
  8947 | D:8      | Reached skill level 16 in Bows
  8947 | D:8      | Reached XP level 10. HP: 83/83 MP: 10/10
  9089 | D:8      | Found a stormy altar of Qazlal.
  9276 | D:8      | Found a flagged portal.
  9408 | D:8      | Noticed Grum
  9411 | D:8      | Received a gift from Okawaru
  9422 | D:8      | Was placed under penance by Okawaru
  9436 | D:8      | Killed Grum
  9451 | D:8      | Noticed a stone giant
  9451 | D:8      | Noticed a stone giant
  9724 | D:8      | HP: 4/83 [stone giant/large rock[the fury of Okawaru] (35)]
 10126 | D:8      | Killed a stone giant
 10910 | D:9      | Noticed Prince Ribbit
 10917 | D:9      | Killed Prince Ribbit
 11008 | D:9      | Reached skill level 17 in Bows
 11018 | D:9      | Noticed Erolcha
 11029 | D:9      | Killed Erolcha
 11029 | D:9      | Was forgiven by Okawaru
 11157 | D:9      | Found a staircase to the Lair.
 11237 | D:9      | Noticed Psyche
 11256 | D:9      | Killed Psyche
 11256 | D:9      | Received a gift from Okawaru
 11638 | D:9      | Noticed a two-headed ogre
 11638 | D:9      | Noticed a cyclops
 11648 | D:9      | Killed a two-headed ogre
 11648 | D:9      | Reached skill level 18 in Bows
 11657 | D:9      | Killed a cyclops
 11657 | D:9      | Received a gift from Okawaru
 11657 | D:9      | Reached XP level 11. HP: 44/91 MP: 11/11
 12169 | Lair:1   | Entered Level 1 of the Lair of Beasts
 12422 | Lair:1   | Noticed a five-headed hydra
 12427 | Lair:1   | Killed a five-headed hydra
 12477 | Lair:1   | Received a gift from Okawaru
 12477 | Lair:1   | Reached skill level 19 in Bows
 12514 | Lair:1   | Received a gift from Okawaru
 12743 | Lair:1   | Received a gift from Okawaru
 12815 | Lair:1   | Noticed a six-headed hydra
 12821 | Lair:1   | Killed a six-headed hydra
 12825 | Lair:1   | Reached skill level 20 in Bows
 13390 | Lair:2   | Received a gift from Okawaru
 13391 | Lair:2   | Reached XP level 12. HP: 103/103 MP: 12/12
 13399 | Lair:2   | Got a slimy shortbow {god gift}
 13400 | Lair:2   | Identified the +3 shortbow "Goblinbane" {freeze, Dex+2} (Okawaru gifted it to you on level 2 of the Lair of Beasts)
 14429 | Lair:3   | Found a staircase to the Shoals.
 14448 | Lair:3   | Reached skill level 10 in Fighting
 14515 | Lair:3   | Noticed a seven-headed hydra
 14523 | Lair:3   | Killed a seven-headed hydra
 14682 | Lair:3   | Received a gift from Okawaru
 14692 | Lair:3   | Got a faintly glowing large shield {god gift}
 14699 | Lair:3   | Identified the +2 large shield of Tacvy {rCorr Str+2} (Okawaru gifted it to you on level 3 of the Lair of Beasts)
 14724 | Lair:3   | Found a blossoming altar of Fedhas.
 14966 | Lair:3   | Found a hole to the Spider Nest.
 16125 | Lair:5   | Reached skill level 21 in Bows
 16173 | Lair:5   | Noticed a five-headed hydra
 16177 | Lair:5   | Noticed an eight-headed hydra
 16184 | Lair:5   | Killed a five-headed hydra
 16195 | Lair:5   | Reached XP level 13. HP: 65/116 MP: 11/13
 16973 | Lair:5   | Received a gift from Okawaru
 17375 | Lair:6   | Entered Level 6 of the Lair of Beasts
 17511 | Lair:6   | Reached skill level 5 in Dodging
 17900 | Lair:6   | Reached ****** piety under Okawaru
 18405 | Lair:6   | Received a gift from Okawaru
 18499 | Lair:6   | Received a gift from Okawaru
 18860 | Lair:6   | Found a staircase to the Slime Pits.
 19603 | Lair:6   | Reached XP level 14. HP: 130/130 MP: 14/14
 19769 | Shoals:1 | Entered Level 1 of the Shoals
 20224 | Shoals:1 | Noticed Kirke
 20226 | Shoals:1 | Received a gift from Okawaru
 20227 | Shoals:1 | Noticed a sphinx
 20235 | Shoals:1 | Killed Kirke
 20235 | Shoals:1 | Reached skill level 22 in Bows
 20828 | Shoals:1 | Noticed Louise
 20850 | Shoals:1 | Killed Louise
 20850 | Shoals:1 | Received a gift from Okawaru
 20917 | Shoals:1 | Reached skill level 1 in Invocations
 21821 | Shoals:1 | Received a gift from Okawaru
 22423 | Shoals:2 | Received a gift from Okawaru
 22423 | Shoals:2 | Reached skill level 15 in Fighting
 22434 | Shoals:2 | Noticed Frances
 23091 | Shoals:2 | Killed Frances
 23221 | Shoals:2 | Found Lyvoywan's Assorted Antiques.
 23858 | Shoals:3 | Reached XP level 15. HP: 141/141 MP: 17/17
 23866 | Shoals:3 | Found Xuosurew's Assorted Antiques.
 23909 | Shoals:3 | Noticed Aizul
 24036 | Shoals:3 | HP: 2/141 [Aizul (24)]
 24041 | Shoals:2 | Killed from afar by Aizul

Skill      XL: |  1  2  3  4  5  6  7  8  9 10 11 12 13 14 |
---------------+-------------------------------------------+-----
Bows           | 6 7 8 10 13 16 18 20 21 22 | 22.6
Short Blades   | 1 2 |  2.0
Armour         | 1 2 |  2.7
Dodging        | 2 3 4 5 6 |  6.9
Fighting       | 3 4 5 6 8 11 13 15 | 15.4
Invocations    | 3 |  3.7
Stealth        | |  0.4

Action                   |  1- 3 |  4- 6 |  7- 9 | 10-12 | 13-15 || total
-------------------------+-------+-------+-------+-------+-------++-------
Melee: Short sword       |    68 |    65 |       |       |       ||   133
       Kick              |    13 |    38 |     9 |       |       ||    60
       Dagger            |       |    41 |    45 |       |       ||    86
 Fire: Shortbow          |    29 |   127 |   184 |   245 |       ||   585
       Longbow           |       |       |   128 |   347 |   709 ||  1184
Invok: Heroism           |       |       |     1 |     1 |     5 ||     7
 Abil: Stop Flying       |       |       |       |       |     1 ||     1
  Use: Scroll            |       |     7 |     5 |     9 |     7 ||    28
       Potion            |       |     1 |       |     1 |    11 ||    13
  Eat: Chunk             |     1 |     4 |    11 |    12 |    14 ||    42
       Ration            |       |     1 |       |     2 |     2 ||     5
Armor: Leather armour    |    29 |    24 |    21 |    14 |    90 ||   178
Dodge: Dodged            |    30 |    63 |    39 |    36 |   131 ||   299
